 Dungeon Crawl Stone Soup version 0.21-a0-552-g593960d (webtiles) character file.

882 tidbits the Digger (level 8, -5/57 HPs)
             Began as a Gnoll Earth Elementalist on Dec 17, 2017.
             Was a Follower of Makhleb.
             Slain by a two-headed ogre
             ... wielding a +0 giant club
              (15 damage)
             ... on level 8 of the Dungeon.
             The game lasted 00:10:02 (1228 turns).

tidbits the Digger (Gnoll Earth Elementalist)       Turns: 1228, Time: 00:10:03

Health: -5/57      AC:  3    Str: 10    XL:     8   Next: 5%
Magic:  6/16       EV: 15    Int: 21    God:    Makhleb [*.....]
Gold:   223        SH:  0    Dex: 17    Spells: 15/18 levels left

rFire    . . .     SeeInvis .   a - +2 hand axe (elec)
rCold    . . .     Gourm    .   (no shield)
rNeg     . . .     Faith    .   c - +0 robe
rPois    +         Spirit   .   (no helmet)
rElec    .         Reflect  .   (no cloak)
rCorr    .         Harm     .   (no gloves)
MR       .....     Rnd*Rage +   F - +0 pair of boots
Stlth    +++.......             j - amulet of rage
HPRegen  0.19/turn              (no ring)
MPRegen  0.15/turn              (no ring)

@: no status effects
A: distributed training, fangs 1, berserk 1, clever 1, poison resistance, strong
nose
a: Renounce Religion, Evoke Berserk Rage


You were on level 8 of the Dungeon.
You worshipped Makhleb.
Makhleb was aware of your devotion.
You were full.

You visited 1 branch of the dungeon, and saw 8 of its levels.

You collected 223 gold pieces.

Inventory:

Hand Weapons
 a - a +2 hand axe of electrocution (weapon)
   (You took it off an orc on level 8 of the Dungeon)
 n - a +0 war axe
 q - a +0 short sword
 w - a cursed -2 flail
 C - a +0 war axe of freezing
   (You found it on level 7 of the Dungeon)
Missiles
 b - 69 stones (quivered)
 g - 34 sling bullets
 k - 40 arrows
 x - 5 needles of frenzy
Armour
 c - a +0 robe (worn)
 m - a +0 pair of boots
 t - a +2 large shield
 u - a +0 ring mail
 y - a +0 robe
 F - a +0 pair of boots (worn)
Jewellery
 j - an amulet of rage (around neck)
   (You found it on level 2 of the Dungeon)
Wands
 l - a wand of iceblast (6)
Scrolls
 f - a scroll of amnesia {unknown}
 p - 3 scrolls of remove curse {unknown}
 r - a scroll of teleportation {unknown}
 v - 5 scrolls of identify {unknown}
 D - a scroll of random uselessness {unknown}
Potions
 h - 2 potions of heal wounds {unknown}
 i - a potion of cancellation
 o - a potion of degeneration {unknown}
 s - a potion of flight {unknown}
 z - a potion of haste {unknown}
 B - a potion of brilliance {unknown}
Books
 e - a book of Geomancy

   Spells                             Type                      Level
   a - Sandblast                      Earth                        1
   b - Passwall                       Transmutation/Earth          2
   c - Stone Arrow                    Conjuration/Earth            3
   d - Petrify                        Transmutation/Earth          4
   e - Lee's Rapid Deconstruction     Earth                        5
Comestibles
 d - 6 bread rations
 A - a meat ration


   Skills:
 + Level 2.8 Fighting
 + Level 2.8 Short Blades
 + Level 2.8 Long Blades
 + Level 2.8 Axes
 + Level 2.8 Maces & Flails
 + Level 2.8 Polearms
 + Level 2.8 Staves
 + Level 2.8 Slings
 + Level 2.8 Bows
 + Level 2.8 Crossbows
 + Level 2.8 Throwing
 + Level 2.8 Armour
 + Level 5.4 Dodging
 + Level 5.1 Stealth
 + Level 2.8 Shields
 + Level 2.8 Unarmed Combat
 + Level 5.8 Spellcasting
 + Level 2.3 Conjurations
 + Level 2.3 Hexes
 + Level 2.3 Charms
 + Level 2.3 Summonings
 + Level 2.3 Necromancy
 + Level 2.3 Translocations
 + Level 3.2 Transmutations
 + Level 2.3 Fire Magic
 + Level 2.3 Ice Magic
 + Level 2.3 Air Magic
 + Level 6.0 Earth Magic
 + Level 2.3 Poison Magic
 + Level 3.1 Invocations
 + Level 2.8 Evocations


You had 15 spell levels left.
You knew the following spells:

 Your Spells              Type           Power        Failure   Level  Hunger
a - Sandblast             Erth           ####..       1%          1    None
w - Passwall              Tmut/Erth      ####......   2%          2    None


Dungeon Overview and Level Annotations

Branches:
Dungeon (8/15)
 Temple: D:4-7         Lair: D:8-11

Altars:
Fedhas
Gozag
Hepliaklqana
Makhleb
Qazlal
Uskayaw
Vehumet
Wu Jian
Yredelemnul
The Shining One


Innate Abilities, Weirdness & Mutations

Your experience applies equally to all skills.
You have very sharp teeth.
Your uncanny sense of smell can sniff out nearby items.
You tend to lose your temper in combat.
Your mind is acute. (Int +2)
Your system is resistant to poisons. (rPois)


Message History

The phantom is almost destroyed.
b - 76 stones
Casting: Sandblast
Confirm with . or Enter, or press ? or * to list all spells.
Aiming: Sandblast
Press: ? - help, Shift-Dir - straight line, f/p - phantom
Aim: a phantom (almost destroyed)
The blast of sand hits the phantom.
You destroy the phantom!
Makhleb accepts your kill.
Your Earth Magic skill increases to level 6!
You have reached level 8!
You feel agile.
b - 75 stones A two-headed ogre comes into view.
It is wielding a giant club and a giant spiked club.
Casting: Sandblast
Confirm with . or Enter, or press ? or * to list all spells.
Aiming: Sandblast
Press: ? - help, Shift-Dir - straight line, f - orc
Aim: an orc, wielding a hand axe of electrocution The blast of sand hits the orc.
The orc is severely wounded.
b - 74 stones
Casting: Sandblast
Confirm with . or Enter, or press ? or * to list all spells.
Aiming: Sandblast
Press: ? - help, Shift-Dir - straight line, f/p - orc
Aim: an orc, wielding a hand axe of electrocution (severely wounded)
The blast of sand hits the orc.
You kill the orc!
Makhleb accepts your kill.
b - 73 stones You see here 19 arrows.
k - 40 arrows (gained 19)
The two-headed ogre shouts in stereo!
Found a robe.
Things that are here:
a hand axe of electrocution; an orc corpse
D - a hand axe of electrocution Wield which item (- for none, * to show all)? (? for menu, Esc to quit)
Your +0 war axe of freezing stops glowing.
You hear the crackle of electricity.
D - a +2 hand axe of electrocution (weapon)
Adjust (i)tems, (s)pells, or (a)bilities?
Adjust which item? (? for menu, Esc to quit)
D - a +2 hand axe of electrocution (weapon)
Adjust to which letter? (? for menu, Esc to quit)
a - a +2 hand axe of electrocution (weapon)
D - a scroll labeled DAGONU ROGISH Evoke which item? (* to show all) (? for menu, Esc to quit)
Aiming: Iceblast
Press: ? - help, Shift-Dir - straight line, f - two-headed ogre
Aim: a two-headed ogre, wielding a giant club and a giant spiked club The mass of ice explodes!
The iceblast engulfs the two-headed ogre.
The two-headed ogre is moderately wounded.
The iceblast engulfs the quokka.
You kill the quokka!
Makhleb accepts your kill.
You hear a shout! x3
Casting: Sandblast
Confirm with . or Enter, or press ? or * to list all spells.
Aiming: Sandblast
Press: ? - help, Shift-Dir - straight line, f/p - two-headed ogre
Aim: a two-headed ogre, wielding a giant club and a giant spiked club (moderately wounded)
The blast of sand hits the two-headed ogre.
The two-headed ogre is heavily wounded.
b - 72 stones
Casting: Sandblast
Confirm with . or Enter, or press ? or * to list all spells.
Aiming: Sandblast
Press: ? - help, Shift-Dir - straight line, f/p - two-headed ogre
Aim: a two-headed ogre, wielding a giant club and a giant spiked club (heavily wounded)
The blast of sand hits the two-headed ogre.
The two-headed ogre is severely wounded.
b - 71 stones An orc warrior comes into view.
It is wielding a flail.
Casting: Sandblast
Confirm with . or Enter, or press ? or * to list all spells.
Aiming: Sandblast
Press: ? - help, Shift-Dir - straight line, f/p - two-headed ogre
Aim: a two-headed ogre, wielding a giant club and a giant spiked club (severely wounded)
The blast of sand hits the two-headed ogre.
The two-headed ogre is severely wounded.
b - 70 stones The two-headed ogre hits you with a giant club!
The two-headed ogre misses you.
Casting: Sandblast
Confirm with . or Enter, or press ? or * to list all spells.
Aiming: Sandblast
Press: ? - help, Shift-Dir - straight line, f/p - two-headed ogre
Aim: a two-headed ogre, wielding a giant club and a giant spiked club (severely wounded)
The blast of sand hits the two-headed ogre.
The two-headed ogre is almost dead.
b - 69 stones The two-headed ogre hits you with a giant club!!
Ouch! That really hurt!
* * * LOW HITPOINT WARNING * * *
The two-headed ogre hits you with a giant spiked club!
You die...

#.#####.#..#######.##
#.......#..# .#
#..........# .#
##.))..###.## #
#.....# #..# .
......######.#####.[
..#### #........... .
#....../....
#...@O......
#...........
#........o=.
#.........#.
######+####


You could see a two-headed ogre and an orc warrior.

Vanquished Creatures
  A spriggan (D:7)
  A sky beast (D:6)
  An ice beast (D:5)
  A phantom (D:8)
  An ogre (D:4)
  2 crimson imps
  A hound (D:2)
  An orc priest (D:4)
  4 orc wizards
  2 iguanas
  4 adders
  4 worms
  A dart slug (D:3)
  A leopard gecko (D:3)
  4 orcs
  3 giant cockroaches
  2 goblins
  2 hobgoblins
  3 quokkas
  2 bats
  A frilled lizard (D:5)
  A jackal zombie (D:5)
  A kobold (D:3)
  A leopard gecko zombie (D:7)
  A quokka skeleton (D:4)
  6 rats
52 creatures vanquished.

Notes
Turn   | Place    | Note
-------+----------+-------------------------------------------
     0 | D:1      | tidbits the Gnoll Earth Elementalist began the quest for the Orb.
     0 | D:1      | Reached XP level 1. HP: 13/13 MP: 6/6
   119 | D:2      | Reached skill level 2 in Transmutations
   119 | D:2      | Reached XP level 2. HP: 20/20 MP: 4/7
   184 | D:2      | Reached XP level 3. HP: 22/25 MP: 2/9
   188 | D:2      | Learned a level 2 spell: Passwall
   250 | D:2      | Reached skill level 5 in Spellcasting
   308 | D:2      | Found a burning altar of Makhleb.
   313 | D:2      | Reached skill level 1 in Fighting
   313 | D:2      | Reached skill level 1 in Short Blades
   313 | D:2      | Reached skill level 1 in Long Blades
   313 | D:2      | Reached skill level 1 in Axes
   313 | D:2      | Reached skill level 1 in Maces & Flails
   313 | D:2      | Reached skill level 1 in Polearms
   313 | D:2      | Reached skill level 1 in Staves
   313 | D:2      | Reached skill level 1 in Slings
   313 | D:2      | Reached skill level 1 in Bows
   313 | D:2      | Reached skill level 1 in Crossbows
   313 | D:2      | Reached skill level 1 in Throwing
   313 | D:2      | Reached skill level 1 in Armour
   313 | D:2      | Reached skill level 1 in Shields
   313 | D:2      | Reached skill level 1 in Unarmed Combat
   313 | D:2      | Reached skill level 1 in Invocations
   313 | D:2      | Reached skill level 1 in Evocations
   313 | D:2      | Reached XP level 4. HP: 11/32 MP: 4/11
   317 | D:2      | Became a worshipper of Makhleb the Destroyer
   376 | D:2      | Found a stormy altar of Qazlal.
   392 | D:2      | You fall through a shaft for 2 floors!
   415 | D:4      | Noticed an ogre
   420 | D:4      | Killed an ogre
   420 | D:4      | Reached skill level 1 in Conjurations
   420 | D:4      | Reached skill level 1 in Hexes
   420 | D:4      | Reached skill level 1 in Charms
   420 | D:4      | Reached skill level 1 in Summonings
   420 | D:4      | Reached skill level 1 in Necromancy
   420 | D:4      | Reached skill level 1 in Translocations
   420 | D:4      | Reached skill level 1 in Fire Magic
   420 | D:4      | Reached skill level 1 in Ice Magic
   420 | D:4      | Reached skill level 1 in Air Magic
   420 | D:4      | Reached skill level 1 in Poison Magic
   420 | D:4      | Reached XP level 5. HP: 23/37 MP: 8/12
   449 | D:4      | Reached skill level 2 in Invocations
   449 | D:4      | Reached XP level 6. HP: 16/44 MP: 0/13
   457 | D:5      | Entered Level 5 of the Dungeon
   676 | D:5      | Reached skill level 5 in Dodging
   684 | D:5      | Noticed an ice beast
   699 | D:5      | Killed an ice beast
   699 | D:5      | Reached skill level 2 in Fighting
   699 | D:5      | Reached skill level 2 in Short Blades
   699 | D:5      | Reached skill level 2 in Long Blades
   699 | D:5      | Reached skill level 2 in Axes
   699 | D:5      | Reached skill level 2 in Maces & Flails
   699 | D:5      | Reached skill level 2 in Polearms
   699 | D:5      | Reached skill level 2 in Staves
   699 | D:5      | Reached skill level 2 in Slings
   699 | D:5      | Reached skill level 2 in Bows
   699 | D:5      | Reached skill level 2 in Crossbows
   699 | D:5      | Reached skill level 2 in Throwing
   699 | D:5      | Reached skill level 2 in Armour
   699 | D:5      | Reached skill level 2 in Shields
   699 | D:5      | Reached skill level 2 in Unarmed Combat
   699 | D:5      | Reached skill level 2 in Evocations
   815 | D:5      | Reached * piety under Makhleb
   873 | D:5      | Found an ornate altar of the Wu Jian Council.
   923 | D:6      | Reached XP level 7. HP: 50/50 MP: 13/15
   953 | D:6      | Found a glowing golden altar of the Shining One.
   954 | D:6      | Found a hide-covered altar of Uskayaw.
   954 | D:6      | Found a basalt altar of Yredelemnul.
   955 | D:6      | Found a blossoming altar of Fedhas.
   976 | D:6      | Gained mutation: Your mind is acute. (Int +2) [mutagenic meat]
   977 | D:6      | Gained mutation: Scrolls take you a little longer to read. [mutagenic meat]
   978 | D:6      | Gained mutation: You tend to lose your temper in combat. [mutagenic meat]
   979 | D:6      | Lost mutation: Scrolls take you a little longer to read. [mutagenic meat]
   980 | D:6      | Gained mutation: Your system is resistant to poisons. (rPois) [mutagenic meat]
  1012 | D:6      | Found a burning altar of Makhleb.
  1073 | D:7      | Reached skill level 2 in Conjurations
  1073 | D:7      | Reached skill level 2 in Hexes
  1073 | D:7      | Reached skill level 2 in Charms
  1073 | D:7      | Reached skill level 2 in Summonings
  1073 | D:7      | Reached skill level 2 in Necromancy
  1073 | D:7      | Reached skill level 2 in Translocations
  1073 | D:7      | Reached skill level 2 in Fire Magic
  1073 | D:7      | Reached skill level 2 in Ice Magic
  1073 | D:7      | Reached skill level 2 in Air Magic
  1073 | D:7      | Reached skill level 2 in Poison Magic
  1087 | D:7      | Found a hazy altar of Hepliaklqana.
  1122 | D:7      | Noticed a spriggan baker
  1123 | D:7      | Killed a spriggan baker
  1123 | D:7      | Reached skill level 5 in Stealth
  1123 | D:7      | Reached skill level 3 in Transmutations
  1178 | D:8      | Found a radiant altar of Vehumet.
  1180 | D:8      | Reached skill level 3 in Invocations
  1184 | D:8      | Found an opulent altar of Gozag.
  1212 | D:8      | Reached skill level 6 in Earth Magic
  1212 | D:8      | Reached XP level 8. HP: 57/57 MP: 9/16
  1213 | D:8      | Noticed a two-headed ogre
  1228 | D:8      | Slain by a two-headed ogre

Vault maps used:
D:1:      eino_arrival_tree_alley, serial_forest, infiniplex_forest_lined_3,
          infiniplex_forest_end_3, infiniplex_forest_clump_long,
          infiniplex_forest_clump_curved, infiniplex_forest_end_2,
          infiniplex_forest_end_2, minmay_cupped
D:2:      grunt_qazlal_sundering, makhleb_heckhound_becter
D:3:      kennysheep_generic_room_15, uniq_purgy
D:4:      minmay_temple_entry_enclosed_plants
D:5:      kennysheep_little_box, serial_shops, nicolae_shop_trees, first_bread,
          hangedman_abyss_or_decor_passed
D:6:      lemuel_doored_altar, chequers_temple_overflow_statue_of_worship
D:7:      lemuel_coloured_pillars_altar, nicolae_overflow_crystal_walls,
          ashenzari_altar_1, the_bakery
D:8:      overflow_temple_1_default, kennysheep_mini, special_room

Skill      XL: |  1  2  3  4  5  6  7 |
---------------+----------------------+-----
Transmutations | 2 3 |  3.2
Spellcasting   | 5 |  5.8
Fighting       | 1 2 |  2.8
Short Blades   | 1 2 |  2.8
Long Blades    | 1 2 |  2.8
Axes           | 1 2 |  2.8
Maces & Flails | 1 2 |  2.8
Polearms       | 1 2 |  2.8
Staves         | 1 2 |  2.8
Slings         | 1 2 |  2.8
Bows           | 1 2 |  2.8
Crossbows      | 1 2 |  2.8
Throwing       | 1 2 |  2.8
Armour         | 1 2 |  2.8
Shields        | 1 2 |  2.8
Unarmed Combat | 1 2 |  2.8
Invocations    | 1 2 3 |  3.1
Evocations     | 1 2 |  2.8
Conjurations   | 1 2 |  2.3
Hexes          | 1 2 |  2.3
Charms         | 1 2 |  2.3
Summonings     | 1 2 |  2.3
Necromancy     | 1 2 |  2.3
Translocations | 1 2 |  2.3
Fire Magic     | 1 2 |  2.3
Ice Magic      | 1 2 |  2.3
Air Magic      | 1 2 |  2.3
Poison Magic   | 1 2 |  2.3
Dodging        | 5 |  5.4
Stealth        | 5 |  5.1
Earth Magic    | 6 |  6.0

Action                   |  1- 3 |  4- 6 |  7- 9 || total
-------------------------+-------+-------+-------++-------
Melee: Unarmed           |       |     1 |       ||     1
       Short sword       |       |     7 |     1 ||     8
       Bite              |       |     2 |     1 ||     3
       War axe           |       |       |     1 ||     1
 Cast: Sandblast         |    23 |    52 |    33 ||   108
       Passwall          |       |     8 |     2 ||    10
 Abil: Evoke Berserk Rag |       |     1 |       ||     1
Evoke: Wand              |       |       |     1 ||     1
  Use: Potion            |       |     3 |       ||     3
 Stab: Sleeping          |       |     1 |     1 ||     2
  Eat: Royal jelly       |     2 |       |       ||     2
       Fruit             |     1 |     3 |       ||     4
       Chunk             |       |       |     5 ||     5
Armor: Robe              |     4 |     1 |     1 ||     6
Dodge: Dodged            |    13 |    11 |     3 ||    27

Table legend:
 A = Spawn XP
 B = Non-spawn XP
 C = Spawn XP percentage of total XP
 D = Spawn monster count
 E = Non-spawn monster count
 F = Spawn count percentage of total count
 G = Total turns spent on level
                    A         B        C        D         E        F      G
               +---------+---------+-------+---------+---------+-------+---------
         Total |       0 |    1260 |   0.0 |       0 |      52 |   0.0 |  1228
               +---------+---------+-------+---------+---------+-------+---------
           D:1 |       0 |       4 |   0.0 |       0 |       3 |   0.0 |   159
           D:2 |       0 |      87 |   0.0 |       0 |      10 |   0.0 |   203
           D:3 |       0 |      30 |   0.0 |       0 |      10 |   0.0 |   131
           D:4 |       0 |     243 |   0.0 |       0 |       7 |   0.0 |   146
           D:5 |       0 |     240 |   0.0 |       0 |       9 |   0.0 |   277
           D:6 |       0 |     192 |   0.0 |       0 |       5 |   0.0 |   126
           D:7 |       0 |     253 |   0.0 |       0 |       3 |   0.0 |   136
           D:8 |       0 |     211 |   0.0 |       0 |       5 |   0.0 |    50
               +---------+---------+-------+---------+---------+-------+---------

Table legend:
 A = Turns spent in this place as a percentage of turns spent in the entire game.
 B = Non-inter-level travel turns spent in this place as a percentage of non-inter-level travel turns spent in the entire game.
 C = Inter-level travel turns spent in this place as a percentage of turns spent in this place.
 D = Turns resting spent in this place as a percentage of non-inter-level travel turns spent in this place.
 E = Turns spent auto-exploring this place as a percentage of non-inter-level travel turns spent in this place.
 F = Non-inter-level travel turns spent in this place divided by the number of levels of this place that you've seen.
                   A       B       C       D       E      F
               +-------+-------+-------+-------+-------+----------------------
         Total | 100.0 | 100.0 |   0.0 |   0.0 |   0.0 | 153.5
       Dungeon | 100.0 | 100.0 |   0.0 |   0.0 |   0.0 | 153.5
               +-------+-------+-------+-------+-------+----------------------

Table legend:
 A = Kills in this place as a percentage of kills in entire the game.
 B = Kills by you in this place as a percentage of kills by you in the entire game.
 C = Kills by friends in this place as a percentage of kills by friends in the entire game.
 D = Other kills in this place as a percentage of other kills in the entire game.
 E = Experience gained in this place as a percentage of experience gained in the entire game.
 F = Experience gained in this place divided by the number of levels of this place that you have seen.
                   A       B       C       D       E      F
               +-------+-------+-------+-------+-------+----------------------
         Total | 100.0 | 100.0 |   N/A |   N/A | 100.0 | 157.5
       Dungeon | 100.0 | 100.0 |   N/A |   N/A | 100.0 | 157.5
               +-------+-------+-------+-------+-------+----------------------

Vault maps used:
D:1:      eino_arrival_tree_alley, serial_forest, infiniplex_forest_lined_3,
          infiniplex_forest_end_3, infiniplex_forest_clump_long,
          infiniplex_forest_clump_curved, infiniplex_forest_end_2,
          infiniplex_forest_end_2, minmay_cupped
D:2:      grunt_qazlal_sundering, makhleb_heckhound_becter
D:3:      kennysheep_generic_room_15, uniq_purgy
D:4:      minmay_temple_entry_enclosed_plants
D:5:      kennysheep_little_box, serial_shops, nicolae_shop_trees, first_bread,
          hangedman_abyss_or_decor_passed
D:6:      lemuel_doored_altar, chequers_temple_overflow_statue_of_worship
D:7:      lemuel_coloured_pillars_altar, nicolae_overflow_crystal_walls,
          ashenzari_altar_1, the_bakery
D:8:      overflow_temple_1_default, kennysheep_mini, special_room
